| TOP OF THE 1ST |
|
California Angels batting - Pitching for Minnesota Twins : LHP Mauricio Valdivia
|
|
Pitching: LHP Mauricio Valdivia
|
|
|
Batting: RHB Charlie Moore
|
0-0: Foul Ball, location: 2F 0-1: Ball 1-1: Ball 2-1: Ball 3-1: Called Strike 3-2: Foul Ball, location: 2F 3-2: Fly out, F5 (Line Drive, 5, EV 71.3 MPH)
|
|
Batting: RHB Jeff Atherton
|
0-0: Fly out, F4 (Flyball, 4D, EV 74.4 MPH)
|
|
Batting: SHB Jon Hernandez
|
0-0: Swinging Strike 0-1: Ball 1-1: Ball 2-1: Foul Ball, location: 2F 2-2: Ball 3-2: Foul Ball, location: 2F 3-2: Ground out 6-3 (Groundball, 6, EV 83.8 MPH)
|
| Top of the 1st over - 0 runs, 0 hits, 0 errors, 0 left on base; California 0 - Minnesota 0 |
| BOTTOM OF THE 1ST |
|
Minnesota Twins batting - Pitching for California Angels : RHP Eric Prevost
|
|
Pitching: RHP Eric Prevost
|
|
|
Batting: RHB Lee Lacy
|
0-0: Ball 1-0: Called Strike 1-1: Ball 2-1: Ball 3-1: Ground out 5-3 (Groundball, 56, EV 108.1 MPH)
|
|
Batting: LHB Lloyd Moseby
|
0-0: Ball 1-0: Swinging Strike 1-1: Foul Ball, location: 2F 1-2: Foul Ball, location: 2F 1-2: Ball 2-2: Strikes out swinging
|
|
Batting: RHB Steve Brye
|
0-0: Ball 1-0: Ball 2-0: Called Strike 2-1: Foul Ball, location: 2F 2-2: Ball 3-2: Foul Ball, location: 2F 3-2: Ground out 2-3 (Groundball, 13S, EV 71.9 MPH)
|
| Bottom of the 1st over - 0 runs, 0 hits, 0 errors, 0 left on base; California 0 - Minnesota 0 |
| TOP OF THE 2ND |
|
California Angels batting - Pitching for Minnesota Twins : LHP Mauricio Valdivia
|
|
Batting: RHB Frank White
|
0-0: Foul Ball, location: 2F 0-1: SINGLE (Groundball, 5D, EV 109.4 MPH)
|
|
Batting: LHB Jason D Thompson
|
0-0: Ball 1-0: Called Strike 1-1: Ball 2-1: Foul Ball, location: 2F 2-2: Strikes out swinging
|
|
Batting: SHB Manny Castillo
|
0-0: Called Strike 0-1: Ball 1-1: Ball 2-1: Ball 3-1: Fly out, F8 (Flyball, 8RS, EV 87.5 MPH)
|
|
Batting: RHB Carlos Pimentel
|
0-0: Ball Frank White steals 2nd base 1-0: Fly out, F9 (Flyball, 89S, EV 71.3 MPH)
|
| Top of the 2nd over - 0 runs, 1 hit, 0 errors, 1 left on base; California 0 - Minnesota 0 |
| BOTTOM OF THE 2ND |
|
Minnesota Twins batting - Pitching for California Angels : RHP Eric Prevost
|
|
Batting: SHB Jerry Mumphrey
|
0-0: Ball 1-0: Ball 2-0: Called Strike 2-1: Called Strike 2-2: Ball 3-2: Strikes out swinging
|
|
Batting: RHB Chet Lemon
|
0-0: Ball 1-0: Foul Ball, location: 2F 1-1: Fly out, F8 (Line Drive, 8RM, EV 92.5 MPH)
|
|
Batting: RHB Matt Cooper
|
0-0: Ball 1-0: Ball 2-0: Ball 3-0: Called Strike 3-1: Called Strike 3-2: Base on Balls
|
|
Batting: LHB Eloy Escobedo
|
0-0: Called Strike 0-1: SINGLE (Line Drive, 78M, EV 106.3 MPH) Matt Cooper to second
|
|
Batting: RHB Aurelio Rodriguez
|
0-0: Ball Wild Pitch! Matt Cooper to third Eloy Escobedo to second 1-0: Ball 2-0: DOUBLE (Line Drive, 7LS, EV 104.4 MPH) Matt Cooper scores Eloy Escobedo scores
|
|
Batting: LHB Ken Oberkfell
|
0-0: Ground out 6-3 (Groundball, 6S, EV 77.5 MPH)
|
| Bottom of the 2nd over - 2 runs, 2 hits, 0 errors, 1 left on base; California 0 - Minnesota 2 |
| TOP OF THE 3RD |
|
California Angels batting - Pitching for Minnesota Twins : LHP Mauricio Valdivia
|
|
Batting: LHB Brian Rosinski
|
0-0: Ball 1-0: Ball 2-0: Called Strike 2-1: Swinging Strike 2-2: Ground out 4-3 (Groundball, 34, EV 101.3 MPH)
|
|
Batting: SHB Ignacio Medina
|
0-0: SOLO HOME RUN (Flyball, 7LD, EV 103.1 MPH), Distance : 366 ft
|
|
Batting: RHB Charlie Moore
|
0-0: Foul Ball, location: 2F 0-1: DOUBLE (Groundball, 5L, EV 101.3 MPH)
|
|
Batting: RHB Jeff Atherton
|
0-0: Called Strike Charlie Moore steals 3rd base 0-1: Ball 1-1: Ball 2-1: SINGLE (Line Drive, 6MD, EV 93.8 MPH) Charlie Moore scores
|
|
Batting: SHB Jon Hernandez
|
0-0: Called Strike 0-1: Ball 1-1: Foul Ball, location: 2F 1-2: Ball 2-2: Foul Ball, location: 2F 2-2: Grounds into double play, 6-4-3 (Groundball, 6MD, EV 87.5 MPH)
|
| Top of the 3rd over - 2 runs, 3 hits, 0 errors, 0 left on base; California 2 - Minnesota 2 |
| BOTTOM OF THE 3RD |
|
Minnesota Twins batting - Pitching for California Angels : RHP Eric Prevost
|
|
Batting: RHB Lee Lacy
|
0-0: Foul Ball, location: 2F 0-1: Foul Ball, location: 2F 0-2: Ball 1-2: Ball 2-2: Foul Ball, location: 2F 2-2: Ball 3-2: DOUBLE (Line Drive, 78M, EV 94.4 MPH)
|
|
Batting: LHB Lloyd Moseby
|
0-0: Fly out, F3 (Popup, 3SF, EV 71.9 MPH)
|
|
Batting: RHB Steve Brye
|
0-0: Ball 1-0: Ball 2-0: Fly out, F8 (Flyball, 89XD, EV 96.9 MPH) Runner from 2nd tags up, SAFE at 3rd, no throw by CF
|
|
Batting: SHB Jerry Mumphrey
|
0-0: Called Strike 0-1: Fly out, F7 (Flyball, 78D, EV 83.1 MPH)
|
| Bottom of the 3rd over - 0 runs, 1 hit, 0 errors, 1 left on base; California 2 - Minnesota 2 |
| TOP OF THE 4TH |
|
California Angels batting - Pitching for Minnesota Twins : LHP Mauricio Valdivia
|
|
Batting: RHB Frank White
|
0-0: Ball 1-0: Ball 2-0: Ball 3-0: Ground out 5-3 (Groundball, 5S, EV 86.3 MPH)
|
|
Batting: LHB Jason D Thompson
|
0-0: Called Strike 0-1: Ball 1-1: Swinging Strike 1-2: SINGLE (Groundball, 56D, EV 111.3 MPH)
|
|
Batting: SHB Manny Castillo
|
0-0: Called Strike 0-1: Fly out, F5 (Line Drive, 5, EV 62.5 MPH)
|
|
Batting: RHB Carlos Pimentel
|
0-0: SINGLE (Groundball, 6M, EV 86.3 MPH) (infield hit) Jason D Thompson to second
|
|
Batting: LHB Brian Rosinski
|
0-0: Ball 1-0: Called Strike 1-1: Swinging Strike 1-2: Strikes out swinging
|
| Top of the 4th over - 0 runs, 2 hits, 0 errors, 2 left on base; California 2 - Minnesota 2 |
| BOTTOM OF THE 4TH |
|
Minnesota Twins batting - Pitching for California Angels : RHP Eric Prevost
|
|
Batting: RHB Chet Lemon
|
0-0: Foul Ball, location: 2F 0-1: Foul Ball, location: 2F 0-2: Ball 1-2: Ground out 5-3 (Groundball, 5, EV 80.6 MPH)
|
|
Batting: RHB Matt Cooper
|
0-0: Fly out, F8 (Line Drive, 8RM, EV 94.4 MPH)
|
|
Batting: LHB Eloy Escobedo
|
0-0: Called Strike 0-1: Swinging Strike 0-2: Ball 1-2: Strikes out swinging
|
| Bottom of the 4th over - 0 runs, 0 hits, 0 errors, 0 left on base; California 2 - Minnesota 2 |
| TOP OF THE 5TH |
|
California Angels batting - Pitching for Minnesota Twins : LHP Mauricio Valdivia
|
|
Batting: SHB Ignacio Medina
|
0-0: Ball 1-0: Ball 2-0: Ball 3-0: Base on Balls
|
|
Batting: RHB Charlie Moore
|
0-0: Foul Ball, location: 2F 0-1: Ball 1-1: Called Strike 1-2: Strikes out swinging
|
|
Batting: RHB Jeff Atherton
|
0-0: Ball 1-0: SINGLE (Groundball, 56, EV 99.4 MPH) Ignacio Medina to second
|
|
Batting: SHB Jon Hernandez
|
0-0: Ball 1-0: Called Strike 1-1: Foul Ball, location: 2F 1-2: Foul Ball, location: 2F 1-2: Ball 2-2: Ball 3-2: Foul Ball, location: 2F 3-2: Foul Ball, location: 2F 3-2: Foul Ball, location: 2F 3-2: Grounds into double play, 5-4-3 (Groundball, 56, EV 83.8 MPH)
|
| Top of the 5th over - 0 runs, 1 hit, 0 errors, 1 left on base; California 2 - Minnesota 2 |
| BOTTOM OF THE 5TH |
|
Minnesota Twins batting - Pitching for California Angels : RHP Eric Prevost
|
|
Batting: RHB Aurelio Rodriguez
|
0-0: Called Strike 0-1: Foul Ball, location: 2F 0-2: Ball 1-2: Reached on error, E5 (Groundball, 56, EV 83.1 MPH)
|
|
Batting: LHB Ken Oberkfell
|
0-0: Ball 1-0: SINGLE (Groundball, 6MD, EV 110.6 MPH) Aurelio Rodriguez to second Aurelio Rodriguez to third
|
|
Batting: RHB Lee Lacy
|
0-0: Ball 1-0: Ball Ken Oberkfell is caught stealing 2nd base 2-4 2-0: Ground out 6-3 (Groundball, 6MS, EV 68.1 MPH) Aurelio Rodriguez scores
|
|
Batting: LHB Lloyd Moseby
|
0-0: Foul Ball, location: 2F 0-1: Called Strike 0-2: Strikes out swinging
|
| Bottom of the 5th over - 1 run, 1 hit, 1 error, 0 left on base; California 2 - Minnesota 3 |
| TOP OF THE 6TH |
|
California Angels batting - Pitching for Minnesota Twins : LHP Mauricio Valdivia
|
|
Batting: RHB Frank White
|
0-0: Ball 1-0: Foul Ball, location: 2F 1-1: SINGLE (Line Drive, 56D, EV 98.1 MPH)
|
|
Batting: LHB Jason D Thompson
|
0-0: Ball 1-0: Ball 2-0: Ball 3-0: SINGLE (Flyball, 5D, EV 98.8 MPH) Frank White to second
|
|
Batting: SHB Manny Castillo
|
0-0: Foul Ball, location: 2F 0-1: Ball 1-1: Grounds into double play, 5-4-3 (Groundball, 56, EV 98.8 MPH) Frank White to third
|
|
Batting: RHB Carlos Pimentel
|
0-0: Called Strike 0-1: Foul Ball, location: 2F 0-2: SINGLE (Groundball, 4MD, EV 109.4 MPH) Frank White scores
|
|
Batting: LHB Brian Rosinski
|
0-0: Called Strike 0-1: Ball 1-1: Ball 2-1: Ball 3-1: Fly out, F8 (Flyball, 78M, EV 80.6 MPH)
|
| Top of the 6th over - 1 run, 3 hits, 0 errors, 1 left on base; California 3 - Minnesota 3 |
| BOTTOM OF THE 6TH |
|
Minnesota Twins batting - Pitching for California Angels : RHP Eric Prevost
|
|
Batting: RHB Steve Brye
|
0-0: Ball 1-0: Called Strike 1-1: Swinging Strike 1-2: Ball 2-2: Ball 3-2: SINGLE (Groundball, 4D, EV 98.1 MPH)
|
|
Batting: SHB Jerry Mumphrey
|
0-0: Ball 1-0: Foul Ball, location: 2F 1-1: Ball 2-1: Ball 3-1: SINGLE (Line Drive, 9LS, EV 104.4 MPH) Steve Brye to second
|
|
Pinch Runner at 2nd Tony Bernazard:
|
|
|
Batting: RHB Chet Lemon
|
0-0: Grounds into double play, 6-4-3 (Groundball, 6, EV 83.8 MPH) Tony Bernazard to third
|
|
Batting: RHB Matt Cooper
|
0-0: SINGLE (Groundball, 56D, EV 97.5 MPH) Tony Bernazard scores
|
|
Batting: LHB Eloy Escobedo
|
0-0: Ball 1-0: Foul Ball, location: 2F 1-1: Foul Ball, location: 2F 1-2: SINGLE (Line Drive, 78S, EV 103.8 MPH) Matt Cooper to second
|
|
Batting: RHB Aurelio Rodriguez
|
0-0: Ball 1-0: Ball 2-0: Called Strike 2-1: SINGLE (Line Drive, 8RS, EV 92.5 MPH) Matt Cooper to third Eloy Escobedo to second Runner from 3rd tries for Home, SAFE, throw by CF to home
|
|
Batting: LHB Ken Oberkfell
|
0-0: Called Strike 0-1: Foul Ball, location: 2F 0-2: Fielders Choice at 2nd, U6 (Groundball, 6M, EV 88.1 MPH)
|
| Bottom of the 6th over - 2 runs, 5 hits, 0 errors, 2 left on base; California 3 - Minnesota 5 |
| TOP OF THE 7TH |
|
California Angels batting - Pitching for Minnesota Twins : LHP Mauricio Valdivia
|
|
Pitching: RHP Scott Brown
|
|
|
Now at 1B: Josh Lynn
|
|
|
Batting: SHB Ignacio Medina
|
0-0: Ball 1-0: Called Strike 1-1: Ball 2-1: Foul Ball, location: 2F 2-2: Foul Ball, location: 2F 2-2: Ball 3-2: Foul Ball, location: 2F 3-2: Foul Ball, location: 2F 3-2: Foul Ball, location: 2F 3-2: Base on Balls
|
|
Batting: RHB Charlie Moore
|
0-0: Called Strike 0-1: Ball 1-1: Fly out, F9 (Line Drive, 9D, EV 92.5 MPH)
|
|
Batting: RHB Jeff Atherton
|
0-0: Called Strike 0-1: Fly out, F8 (Flyball, 89D, EV 94.4 MPH)
|
|
Batting: SHB Jon Hernandez
|
0-0: Called Strike 0-1: Ball 1-1: Ball 2-1: Foul Ball, location: 2F 2-2: Ball Ignacio Medina steals 2nd base (no throw) 3-2: Fly out, F7 (Flyball, 78S, EV 90.0 MPH)
|
| Top of the 7th over - 0 runs, 0 hits, 0 errors, 1 left on base; California 3 - Minnesota 5 |
| BOTTOM OF THE 7TH |
|
Minnesota Twins batting - Pitching for California Angels : RHP Eric Prevost
|
|
Batting: RHB Lee Lacy
|
0-0: Called Strike 0-1: Fly out, F4 (Popup, 3S, EV 78.8 MPH)
|
|
Batting: LHB Lloyd Moseby
|
0-0: Ball 1-0: Called Strike 1-1: Ground out 6-3 (Groundball, 6, EV 86.3 MPH)
|
|
Batting: RHB Josh Lynn
|
0-0: Ball 1-0: Fly out, F2 (Popup, 3SF, EV 73.1 MPH)
|
| Bottom of the 7th over - 0 runs, 0 hits, 0 errors, 0 left on base; California 3 - Minnesota 5 |
| TOP OF THE 8TH |
|
California Angels batting - Pitching for Minnesota Twins : RHP Scott Brown
|
|
Now at 2B: Taylor Duncan
|
|
|
Batting: RHB Frank White
|
0-0: Ball 1-0: Ball 2-0: Foul Ball, location: 2F 2-1: Foul Ball, location: 2F 2-2: Strikes out looking
|
|
Batting: LHB Jason D Thompson
|
0-0: Ball 1-0: Called Strike 1-1: Ball 2-1: Foul Ball, location: 2F 2-2: Strikes out looking
|
|
Batting: SHB Manny Castillo
|
0-0: Ball 1-0: Ball 2-0: Ball 3-0: Ground out U3 (Groundball, 34, EV 101.3 MPH)
|
| Top of the 8th over - 0 runs, 0 hits, 0 errors, 0 left on base; California 3 - Minnesota 5 |
| BOTTOM OF THE 8TH |
|
Minnesota Twins batting - Pitching for California Angels : RHP Eric Prevost
|
|
Pitching: RHP Dennis Lamp
|
|
|
Batting: SHB Jerry Mumphrey
|
0-0: Ball 1-0: Called Strike 1-1: SOLO HOME RUN (Line Drive, 89XD, EV 98.8 MPH), Distance : 425 ft
|
|
Batting: RHB Chet Lemon
|
0-0: Ball 1-0: Called Strike 1-1: Ball 2-1: Ball 3-1: Base on Balls
|
|
Batting: RHB Matt Cooper
|
0-0: Bunted foul 0-1: Ball 1-1: Bunt missed! 1-2: Ball 2-2: Ball 3-2: SINGLE (Groundball, 6D, EV 107.5 MPH) Chet Lemon to second Runner from 2nd tries for 3rd, SAFE, no throw by CF
|
|
Batting: LHB Eloy Escobedo
|
0-0: Ball 1-0: Ball 2-0: Swinging Strike 2-1: Ball 3-1: Base on Balls Matt Cooper to second
|
|
Batting: RHB Taylor Duncan
|
0-0: Ball 1-0: Fly out, F8 (Flyball, 8RM, EV 88.1 MPH) Runner from 3rd tags up, SCORES, throw by CF
|
|
Batting: LHB Ken Oberkfell
|
0-0: Ball 1-0: Ball 2-0: Grounds into double play, 6-4-3 (Groundball, 6, EV 83.8 MPH)
|
| Bottom of the 8th over - 2 runs, 2 hits, 0 errors, 1 left on base; California 3 - Minnesota 7 |
| TOP OF THE 9TH |
|
California Angels batting - Pitching for Minnesota Twins : RHP Scott Brown
|
|
Batting: RHB Carlos Pimentel
|
0-0: Fly out, F3 (Popup, 3F, EV 60.6 MPH)
|
|
Batting: LHB Brian Rosinski
|
0-0: Called Strike 0-1: Ball 1-1: Foul Ball, location: 2F 1-2: Fly out, F8 (Flyball, 8LXD, EV 92.5 MPH)
|
|
Pitching: RHP Stephen Fuller
|
|
|
Batting: SHB Ignacio Medina
|
0-0: Ball 1-0: Foul Ball, location: 2F 1-1: Swinging Strike 1-2: Strikes out swinging
|
| Top of the 9th over - 0 runs, 0 hits, 0 errors, 0 left on base; California 3 - Minnesota 7 |
|